 Dungeon Crawl Stone Soup version 0.22.1-1-ga44c0e5 (webtiles) character file.

331 dvd the Sneak (level 6, -8/37 HPs)
             Began as an Octopode Fire Elementalist on Nov 2, 2018.
             Mangled by a goblin
             ... wielding a +0 club
             ... led by Robin
              (10 damage)
             ... on level 4 of the Dungeon.
             The game lasted 00:07:12 (3808 turns).

dvd the Sneak (Octopode Fire Elementalist)          Turns: 3808, Time: 00:07:13

Health: -8/37      AC:  1    Str:  7    XL:     6   Next: 51%
Magic:  7/11       EV: 14    Int: 21    God:
Gold:   135        SH:  0    Dex: 13    Spells: 4/11 levels left

rFire    . . .     SeeInvis .   n - +1 trident (venom)
rCold    . . .     Gourm    .   (no shield)
rNeg     . . .     Faith    .   (helmet restricted)
rPois    .         Spirit   .   (no amulet)
rElec    .         Reflect  .   l - ring of wizardry
rCorr    .         Harm     .   t - +2 ring of intelligence
MR       .....                  (no ring)
Stlth    ++++......             (no ring)
HPRegen  0.12/turn              (no ring)
MPRegen  0.12/turn              (no ring)
                                (no ring)
                                (no ring)

@: no status effects
A: almost no armour, stealthy swim, amphibious, 8 rings, constrict 8, camouflage
1, gelatinous body 1
a: no special abilities


You were on level 4 of the Dungeon.
You were not hungry.

You visited 1 branch of the dungeon, and saw 4 of its levels.

You collected 135 gold pieces.

Inventory:

Hand Weapons
 f - a +0 short sword
 k - a +2 dagger of venom
 n - a +1 trident of venom (weapon)
 p - a +4 quarterstaff of chaos
 q - a +0 spear of piercing
 r - a +0 flail of protection
Jewellery
 l - a ring of wizardry (left tentacle)
 t - a +2 ring of intelligence (right tentacle)
Wands
 m - a wand of polymorph (8)
Scrolls
 a - a scroll of fog {unknown}
 c - 4 scrolls of remove curse {unknown}
 e - 3 scrolls of magic mapping {unknown}
 h - 3 scrolls of identify {unknown}
 i - a scroll of immolation {unknown}
 j - 3 scrolls of teleportation {unknown}
 s - a scroll of blinking {unknown}
Potions
 d - a potion of agility
 g - 2 potions of brilliance
Comestibles
 b - 8 rations
 u - 4 chunks of flesh


   Skills:
 + Level 0.6 Fighting
 + Level 0.9 Short Blades
 + Level 1.7 Polearms
 + Level 0.2(1.1) Staves
 + Level 2.5 Dodging
 + Level 4.6 Stealth
 + Level 0.5 Unarmed Combat
 + Level 3.4 Spellcasting
 + Level 2.0 Conjurations
 + Level 4.1 Fire Magic


You had 4 spell levels left.
You knew the following spells:

 Your Spells              Type           Power        Failure   Level  Hunger
a - Flame Tongue          Conj/Fire      ###..        1%          1    None
b - Throw Flame           Conj/Fire      ###...       2%          2    ##.....
c - Sticky Flame          Conj/Fire      ###.....     14%         4    ####...

Your spell library contained the following spells:

 Spells                   Type           Power        Failure   Level  Hunger
 Conjure Flame            Conj/Fire      ###.....     4%          3    ###....
 Inner Flame              Hex/Fire       ##......     6%          3    ###....
 Fireball                 Conj/Fire      ###.......   36%         5    ######.


Dungeon Overview and Level Annotations

Branches:
Dungeon (4/15)
 Temple: D:4-7

Altars:
The Shining One

Shops:
D:4 *

Annotations:
D:4 Robin


Innate Abilities, Weirdness & Mutations

You cannot wear most types of armour.
You are very stealthy in the water. (Stealth+)
You are amphibious.
You can wear up to eight rings at the same time.
You can use your tentacles to constrict eight enemies at once.
Your skin changes colour to match your surroundings (Stealth+).
Your rubbery body absorbs attacks. (AC +1, EV +1)


Message History

Unknown command.
It was a potion of invisibility.
You fade into invisibility!
The goblin barely misses you. x2
You are very lightly contaminated with residual magic.
You hit the goblin.
The goblin is poisoned.
Your grab misses the goblin.
You squeeze the goblin, but do no damage.
The goblin is moderately wounded.
The goblin no longer looks unusually strong.
The goblin closely misses you. The goblin misses you.
It was a potion of cancellation.
Your magical effects are unravelling.
You feel magically purged.
Your magical contamination has completely faded away.
You flicker back into view.
You feel a little less clever now.
You feel a little less agile now.
Robin roars a battlecry!
The goblin goes into a battle-frenzy!
The goblin hits you with a club!
You die...

###########
#####....g@ggg#
#######.....#######.#
#.......##### #.#
#.####### #g# #.# #g#
#.# ##g######g.. ..#
#..).).ggg.g ###
#........###gl.
#.##.###.#


You could see Robin, a hobgoblin and 2 goblins.

Vanquished Creatures
  An ogre (D:4)
  A scorpion (D:3)
  Crazy Yiuf (D:2)
  4 gnolls
  4 adders
  A worm (D:2)
  4 dart slugs
  2 leopard geckos
  8 orcs
  4 giant cockroaches
  9 hobgoblins
  8 jackals
  A quokka (D:2)
  7 bats
  2 frilled lizards
  12 goblins
  5 kobolds
  5 rats
  A fungus (D:2)
80 creatures vanquished.

Notes
Turn   | Place    | Note
-------+----------+-------------------------------------------
     0 | D:1      | dvd the Octopode Fire Elementalist began the quest for the
                  | Orb.
     0 | D:1      | Reached XP level 1. HP: 11/11 MP: 3/3
   176 | D:1      | Reached XP level 2. HP: 17/17 MP: 1/5
   268 | D:1      | Learned a level 2 spell: Throw Flame
   820 | D:1      | Reached XP level 3. HP: 21/21 MP: 3/6
  1820 | D:2      | Reached XP level 4. HP: 27/27 MP: 4/8
  1910 | D:2      | Found a glowing golden altar of the Shining One.
  2163 | D:2      | Found a runed door.
  2167 | D:2      | Noticed Crazy Yiuf
  2326 | D:2      | Killed Crazy Yiuf
  2462 | D:3      | Learned a level 4 spell: Sticky Flame
  2512 | D:3      | Reached XP level 5. HP: 24/32 MP: 6/9
  3436 | D:3      | Reached skill level 1 in Polearms
  3623 | D:4      | Reached XP level 6. HP: 35/37 MP: 1/10
  3714 | D:4      | Found Poneh's Assorted Antiques.
  3775 | D:4      | Noticed Robin
  3805 | D:4      | HP: 1/37 [Robin/goblin (1)]
  3808 | D:4      | Mangled by a goblin

Skill      XL: |  1  2  3  4  5  6 |
---------------+-------------------+-----
Stealth        | 3 4 |  4.6
Spellcasting   | 3 |  3.4
Fire Magic     | 4 |  4.1
Polearms       | 1 |  1.7
Conjurations   | 2 |  2.0
Fighting       | |  0.6
Short Blades   | |  0.9
Staves         | |  0.2
Dodging        | |  2.5
Unarmed Combat | |  0.5

Action                   |  1- 3 |  4- 6 || total
-------------------------+-------+-------++-------
Melee: Short sword       |     3 |       ||     3
       Tentacles         |     6 |     4 ||    10
       Dagger            |    17 |     2 ||    19
       Constrict         |     4 |    12 ||    16
       Trident           |       |    53 ||    53
       Unarmed           |       |     6 ||     6
       Quarterstaff      |       |     1 ||     1
       Flail             |       |     1 ||     1
 Cast: Flame Tongue      |    32 |    18 ||    50
       Throw Flame       |    10 |    12 ||    22
       Sticky Flame      |       |     5 ||     5
  Use: Potion            |       |     4 ||     4
 Stab: Sleeping          |     4 |     5 ||     9
       Confused          |       |     2 ||     2
       Distracted        |       |     1 ||     1
  Eat: Chunk             |     3 |     8 ||    11
Armor: Skin              |       |     4 ||     4
Dodge: Dodged            |    18 |    42 ||    60
